 Dungeon Crawl Stone Soup version 0.28.0-47-ge53b351184 (webtiles) character file.

Game seed: 1819759885828893671

964 nickcage the Zephyrmancer (level 7, -5/36 HPs)
             Began as a Deep Elf Air Elementalist on May 10, 2022.
             Killed by nerve-wracking pain
             ... invoked by Menkaure
              (11 damage)
             ... on level 6 of the Dungeon.
             The game lasted 00:18:08 (5864 turns).

nickcage the Zephyrmancer (DEAE)                    Turns: 5864, Time: 00:18:09

Health: -5/36      AC:  4    Str:  5    XL:     7   Next: 93%
Magic:  8/16       EV: 12    Int: 22    God:
Gold:   146        SH:  0    Dex: 15    Spells: 6/16 levels left

rFire   . . .      SeeInvis .   d - +0 short sword
rCold   . . .      Faith    .   (no shield)
rNeg    . . .      Spirit   .   a - +0 robe
rPois   .          Reflect  .   (no helmet)
rElec   .          Harm     .   (no cloak)
rCorr   .          Rampage  .   (no gloves)
Will    .....                   c - +1 pair of boots
Stlth   ++........              (no amulet)
HPRegen 0.12/turn               (no ring)
MPRegen 0.15/turn               (no ring)

@: no status effects
A: no striking features
a: no special abilities


You were on level 6 of the Dungeon.
You visited 1 branch of the dungeon, and saw 6 of its levels.

You collected 146 gold pieces.

Inventory:

Hand Weapons
 d - a +0 short sword (weapon)
Armour
 a - a +0 robe (worn)
 c - a +1 pair of boots (worn)
Wands
 j - a wand of mindburst (16)
Scrolls
 b - a scroll of enchant weapon {unknown}
 e - a scroll of blinking
 m - 2 scrolls of identify
 p - 2 scrolls of teleportation
 r - a scroll of immolation {unknown}
 s - a scroll of enchant armour
Potions
 f - a potion of lignification {unknown}
 g - a potion of might
 h - 3 potions of curing
 i - 2 potions of heal wounds
 k - a potion of haste {unknown}
 l - a potion of invisibility {unknown}
 n - a potion of ambrosia {unknown}
 o - 3 potions of attraction
 q - a potion of cancellation {unknown}
 t - a potion of resistance {unknown}


   Skills:
 - Level 2.4 Dodging
 - Level 2.4 Stealth
 - Level 5.0 Spellcasting
 * Level 3.5 Conjurations
 - Level 8.5 Air Magic


You had 6 spell levels left.
You knew the following spells:

 Your Spells              Type           Power      Damage    Failure   Level
a - Shock                 Conj/Air       100%       1d9       1%          1
b - Static Discharge      Conj/Air       32%        N/A       1%          2
c - Swiftness             Air            43%        N/A       1%          3
d - Airstrike             Air            21%        N/A       3%          4

Your spell library contained the following spells:

 Spells                   Type           Power      Damage    Failure   Level
 Summon Small Mammal      Summ           20%        N/A       10%         1
 Call Canine Familiar     Summ           5%         N/A       30%         3
 Confusing Touch          Hex            5%         N/A       30%         3
 Summon Guardian Golem    Hex/Summ       5%         N/A       30%         3
 Iskenderun's Battlesphe  Conj           21%        2d7       54%         5
 Yara's Violent Unravell  Hex/Tmut       2%         3d3       95%         5
 Iron Shot                Conj/Erth      6%         9d2       100%        6
 Enfeeble                 Hex            2%         N/A       100%        7
 Spellforged Servitor     Conj/Summ      6%         N/A       100%        7


Dungeon Overview and Level Annotations

Branches:
Dungeon (6/15)
 Temple: D:4-7

Altars:
Nemelex Xobeh
Sif Muna
Trog
Zin

Annotations:
D:4 3 runed translucent doors, ShadowYui's ghost, novice HuFi
D:6 Eustachio; Menkaure


Message History

A nearby plant withers and dies.
The hound bites you.
Menkaure calls on the powers of darkness!
The hound convulses!
Your body is wracked with pain!
You are too injured to fight recklessly!
Aiming: Shock (safe; 1% risk of failure)
Press: ? - help, Q - select action, (/) - cycle Shift-Dir - straight line, f/p - Menkaure
Aim: Menkaure (moderately damaged, 88% to hit)
The zap misses the hound.
The zap hits the lemure!
The lemure is moderately wounded.
The zap misses Menkaure.
The zap hits the plant!
The plant is lightly damaged.
The zap hits the plant!
The plant is lightly damaged.
The hound misses you. The hound bites you.
Menkaure hums drily.
Unknown command.
Casting: Static Discharge (safe; 1% risk of failure)
Press: ? - help, Q - select action, (/) - cycle Dir - look around, f - activate Look: a hound (severely wounded)
The hound is struck by an arc of lightning!
You kill the hound!
You are struck by an arc of lightning.
Casting: Static Discharge (safe; 1% risk of failure)
Press: ? - help, Q - select action, (/) - cycle Dir - look around, f - activate Look: a lemure (moderately wounded)
The lemure is struck by an arc of lightning.
The lemure is heavily wounded.
You are struck by an arc of lightning.
* * * LOW HITPOINT WARNING * * *
The lemure is struck by an arc of lightning.
The lemure is heavily wounded.
The lightning grounds out.
A nearby plant withers and dies. x2; The lemure hits you.
* * * LOW HITPOINT WARNING * * *
Menkaure mumbles some strange words.
Menkaure seems to speed up.
There is a stone staircase leading up here.
Menkaure gestures at you while chanting.
Pain shoots through your body!
You die...

#
#.........
+.
#.......##
+..
####....#
+... #....#
#♣...
.....#
PPPP..#####
......#
♣....†..#
P....#M##5#
P♣. #...@#
#.#### #.
##


You could see a lemure and Menkaure (fast).

Vanquished Creatures
  A black bear (D:4)
  An ice beast (D:5)
  An ogre (D:4)
  A bullfrog (D:6)
  2 scorpions (D:5)
  A bullfrog zombie (D:5)
  A centaur skeleton (D:4)
  5 hounds
  An orc priest (D:4)
  A jelly (D:5)
  2 iguanas
  3 orc wizards
  A hound skeleton (D:5)
  2 adders
  A gnoll (D:5)
  An ufetubus (D:2)
  A worm (D:4)
  2 dart slugs
  14 orcs
  5 ball pythons
  2 bats
  8 endoplasms
  5 giant cockroaches
  2 hobgoblins (D:3)
  3 jackals (D:5)
  2 quokkas (D:4)
  2 frilled lizards
  7 goblins
  2 kobolds (D:1)
  9 rats
89 creatures vanquished.

Vanquished Creatures (others)
  5 plants (D:6)
5 creatures vanquished.

Grand Total: 94 creatures vanquished

Notes
Turn   | Place    | Note
-------+----------+-------------------------------------------
     0 | D:1      | nickcage the Deep Elf Air Elementalist began the quest for
                  | the Orb.
     0 | D:1      | Reached XP level 1. HP: 10/10 MP: 6/6
   382 | D:1      | Found a faded altar of an unknown god.
   584 | D:1      | Reached XP level 2. HP: 15/15 MP: 4/8
   797 | D:1      | Learned a level 2 spell: Static Discharge
  1533 | D:2      | Reached XP level 3. HP: 19/19 MP: 4/9
  1790 | D:2      | Reached skill level 4 in Air Magic
  2185 | D:2      | Reached XP level 4. HP: 23/24 MP: 0/11
  2796 | D:3      | Found a bloodstained altar of Trog.
  3625 | D:4      | Noticed an ogre
  3633 | D:4      | Killed an ogre
  3634 | D:4      | Reached skill level 5 in Air Magic
  3634 | D:4      | Reached XP level 5. HP: 16/28 MP: 3/14
  3778 | D:4      | Reached skill level 5 in Spellcasting
  3914 | D:4      | Found a runed translucent gate.
  3915 | D:4      | Found a runed translucent gate.
  3918 | D:4      | Noticed ShadowYui's ghost (novice HuFi)
  3919 | D:4      | Found a runed translucent gate.
  4150 | D:4      | Noticed a black bear
  4161 | D:4      | Killed a black bear
  4162 | D:4      | Reached skill level 6 in Air Magic
  4162 | D:4      | Reached XP level 6. HP: 30/32 MP: 6/15
  4344 | D:4      | Found a glowing silver altar of Zin.
  4603 | D:5      | Entered Level 5 of the Dungeon
  4633 | D:5      | Noticed an ice beast
  4646 | D:5      | Killed an ice beast
  4647 | D:5      | Reached skill level 7 in Air Magic
  4784 | D:5      | Found a sparkling altar of Nemelex Xobeh.
  4806 | D:5      | Reached XP level 7. HP: 32/36 MP: 7/16
  4810 | D:5      | Learned a level 3 spell: Swiftness
  4815 | D:5      | Learned a level 4 spell: Airstrike
  4875 | D:5      | Found a shimmering blue altar of Sif Muna.
  5299 | D:5      | Reached skill level 8 in Air Magic
  5646 | D:6      | Noticed Eustachio
  5857 | D:6      | Noticed Menkaure
  5864 | D:6      | Killed from afar by Menkaure

Illustrated notes

Levels and vault maps discovered:
D:1:      sevenhm_arrival_forest_fort_large_4, layout_loops_ring,
          basic_ecumenical_altar, serial_aquarium, aquarium_bridge_straight
          [aquarium_subvault_bridge, aquarium_subvault_window,
          aquarium_subvault_bridge, aquarium_subvault_wall], aquarium_window_1,
          aquarium_window_fake, aquarium_view_2e, aquarium_balcony_3a,
          aquarium_pool_side, minmay_bisected
D:2:      layout_basic
D:3:      layout_loops_ring, bloody_trog, kennysheep_generic_room_4
D:4:      layout_basic, zin_statuary, gammafunk_ghost_split
D:5:      layout_basic, nemelex_diamond_rough_becter, lemuel_tele_altar
D:6:      kennysheep_housing_project, layout_basic,
          minmay_temple_entry_drinking_statues, uniq_eustachio, uniq_pikel,
          uniq_menkaure

Skill      XL: |  1  2  3  4  5  6  7 |
---------------+----------------------+-----
Air Magic      | 4 5 6 7 8 |  8.5
Conjurations   | 2 3 |  3.5
Spellcasting   | 4 5 |  5.0
Dodging        | |  2.4
Stealth        | |  2.4

Action                   |  1- 3 |  4- 6 |  7- 9 || total
-------------------------+-------+-------+-------++-------
Melee: Short sword       |     1 |     8 |     1 ||    10
 Cast: Shock             |    68 |   104 |    62 ||   234
       Static Discharge  |     2 |     5 |     4 ||    11
       Airstrike         |       |       |     2 ||     2
  Use: Scroll            |       |    12 |       ||    12
Armor: Robe              |     3 |     6 |     3 ||    12
Dodge: Dodged            |     9 |    21 |    12 ||    42
